 Dungeon Sprint DCSS version 0.30-a0-840-ga523dec638 (webtiles) character file.

Game seed: 10140893191123045833

569 dialectric the Protected (level 7, -3/50 HPs)
             Began as a Gargoyle Fighter on Mar 1, 2023.
             Slain by a water moccasin (4 damage)
             ... in the Dungeon (Sprint II: "The Violet Keep of Menkaure").
             The game lasted 00:01:06 (137 turns).

dialectric the Protected (Gargoyle Fighter)          Turns: 137, Time: 00:01:07

Health: -3/50      AC: 13    Str: 19    XL:     7   Next: 33%
Magic:  7/7        EV: 10    Int:  9    God:
Gold:   972        SH:  0    Dex: 11    Spells: 6/6 levels left

rFire   . . .      SeeInvis .    a - +0 long sword
rCold   . . .      Faith    .    (no shield)
rNeg    + . .      Spirit   .    b - +0 scale mail
rPois   ∞          Reflect  .    (no helmet)
rElec   +          Harm     .    (no cloak)
rCorr   .          Rampage  .    (no gloves)
Will    .....      NoTele   +    (no boots) Stlth
                                 (no amulet)
HPRegen 0.28/turn                (no ring)
MPRegen 0.10/turn                (no ring)

@: on berserk cooldown, slowed, very slow
A: sickness immunity, AC +4, negative energy resistance 1, electricity
resistance, torment resistance 1, petrification resistance
a: no special abilities


You were in the Dungeon.
You visited 1 branch You collected 972 gold pieces.

Inventory:

Hand Weapons
 a - a +0 long sword (weapon)
Armour
 b - a +0 scale mail (worn)
 c - a +0 buckler
Scrolls
 j - a scroll of blinking
Potions
 f - a potion of heal wounds
 g - a potion of haste
 h - 2 potions of magic


   Skills:
 + Level 8.8 Fighting
 * Level 9.0 Long Blades
 + Level 9.6 Armour
 + Level 1.8 Dodging
 - Level 5.2 Shields


You had 6 spell levels left.
You didn't know any spells.
Your spell library was empty.

Dungeon Overview and Level Annotations

Branches:
Dungeon (1/1)

Altars:

Shops:
D ?::=![[!=*!=(([

Annotations:
D exclusions: obsidian statue and oklob plant


Innate Abilities, Weirdness & Mutations

You are immune to sickness and miasma.
Your stone body is resilient. (AC +4)
You are immune to poison.
You resist negative energy. (rN+)
You are resistant to electric shocks. (rElec)
You are resistant to unholy torment.
You are immune to petrification.


Message History

You enter the shallow water.
Moving in this stuff is going to be slow.
Found 81 gold pieces.
Found Doloima's Antique Armour Boutique.
You open the door.
The ice dragon roars deafeningly!
A water moccasin comes into view.
Found a ring mail and 5 stones.
Found Yrumihar's Distillery and Powain's Jewellery Shop.
The water moccasin hisses angrily. x3; You hear an angry hiss.
Marking area around an oklob plant as unsafe for travelling.
There is an open door here.
Found three items.
Found three shops.
The water moccasin bites you.
* * * LOW HITPOINT WARNING * * *
You closely miss the water moccasin. The water moccasin bites you.
* * * LOW HITPOINT WARNING * * *
The water moccasin bites you.
* * * LOW HITPOINT WARNING * * *
You slash the water moccasin!
The water moccasin is moderately wounded.
The water moccasin bites you.
* * * LOW HITPOINT WARNING * * *
The water moccasin bites you but does no damage.
You slash the water moccasin!
The water moccasin is severely wounded.
The water moccasin bites you but does no damage.
The water moccasin barely misses you.
You hit the water moccasin.
The water moccasin is severely wounded.
The water moccasin barely misses you.
The water moccasin bites you but does no damage.
Okay, then.
You barely miss the water moccasin.
The water moccasin is severely wounded.
The water moccasin closely misses you. The water moccasin bites you.
* * * LOW HITPOINT WARNING * * *
You miss the water moccasin.
The water moccasin is severely wounded.
The water moccasin bites you.
You die...

+++#○°
#########~~~...°○.○.
∩.......#~~~~.##+##°.
.∩.....∩#~~~~##...##.###
∩.∩...∩.#~~~~#..#..#....
.∩.∩.∩.∩#~~####...####..
....∩.∩.#~##.###'###.##.
...∩.∩..#~#.†###.####.#.
....⌠..@S~'##.†.<.'†##†.
........#~#..###.##†..#.
▓▓▓▓▓▓###~##.# #'###.##.
!SD######~~####.#.####~~


?(S ##~~~#.###.# ~~ ∩P +#~## #.## ~~ [ ~~# +## ~≈§ ~~ § You could see an ice
dragon, an oklob plant and 3 water moccasins.

Vanquished Creatures
  2 wyverns (D)
  Menkaure (D)
  A water moccasin (D)
  4 scorpions (D)
  3 worms (D)
11 creatures vanquished.

Vanquished Creatures (others)
  A merfolk siren (D)
1 creature vanquished.

Grand Total: 12 creatures vanquished

Notes
Turn   | Place    | Note
-------+----------+-------------------------------------------
     0 | D        | dialectric the Gargoyle Fighter began the quest for the
                  | Orb.
     0 | D        | Reached XP level 1. HP: 14/14 MP: 1/1
     8 | D        | Noticed a scorpion
     8 | D        | Noticed a scorpion
    18 | D        | Killed a scorpion
    19 | D        | Reached skill level 5 in Fighting
    19 | D        | Reached skill level 5 in Armour
    19 | D        | Reached skill level 5 in Shields
    19 | D        | Reached XP level 2. HP: 17/21 MP: 2/2
    19 | D        | Reached XP level 3. HP: 21/26 MP: 3/3
    19 | D        | Reached XP level 4. HP: 25/31 MP: 4/4
    20 | D        | Killed a scorpion
    21 | D        | Reached XP level 5. HP: 30/36 MP: 5/5
    25 | D        | Reached skill level 5 in Long Blades
    32 | D        | Reached skill level 1 in Dodging
    32 | D        | Reached XP level 6. HP: 29/44 MP: 6/6
    47 | D        | Noticed a water moccasin
    52 | D        | Killed a water moccasin
    54 | D        | Noticed Menkaure
    57 | D        | Noticed a merfolk siren
    63 | D        | Killed a merfolk siren
    68 | D        | Killed Menkaure
    85 | D        | Noticed an obsidian statue
    94 | D        | Noticed a wyvern
    94 | D        | Noticed a wyvern
   102 | D        | Killed a wyvern
   111 | D        | Killed a wyvern
   112 | D        | Reached XP level 7. HP: 18/50 MP: 7/7
   127 | D        | Found Jaanulas's Distillery.
   127 | D        | Found Oxuiggo's Distillery.
   127 | D        | Found Qaphoell's Antique Weapon Shop.
   127 | D        | Found Esommoid's Jewellery Boutique.
   127 | D        | Found Koffur's Antique Armour Shop.
   127 | D        | Found Ishuy's General Store.
   127 | D        | Found Wonotte's Antique Armour Shop.
   127 | D        | Found Hipp's Jewellery Boutique.
   127 | D        | Found Dosopuast's Weapon Boutique.
   128 | D        | Found Doloima's Antique Armour Boutique.
   129 | D        | Noticed an ice dragon
   130 | D        | Found Yrumihar's Distillery.
   130 | D        | Found Powain's Jewellery Shop.
   130 | D        | Noticed an oklob plant
   131 | D        | Found Lynauruo's Book Shop.
   131 | D        | Found Agasom's Book Shoppe.
   131 | D        | Found Dutsaet's Magic Scroll Boutique.
   136 | D        | HP: 1/50 [water moccasin (6)]
   137 | D        | Slain by a water moccasin

Illustrated notes

Levels and vault maps discovered:
D:        the_violet_keep_of_menkaure [sprint2_stairs_cluster_1,
          sprint2_shoproom, sprint2_temple, sprint2_basic_supplies,
          sprint2_obstacle_4, sprint2_obstacle_7, sprint2_obstacle_3,
          sprint2_obstacle_2, sprint2_obstacle_1, sprint2_timed_cluster_1,
          sprint2_smallroom_cluster_1, sprint2_smallroom_final_cluster_1,
          sprint2_transparent_cluster_1, sprint2_second_timed_cluster_1,
          sprint2_sniper_area_1, sprint2_heavy_combat_area_1,
          sprint2_mutation_trap_area_1, sprint2_forest_area_1,
          sprint2_light_combat_area_1, sprint2_behind_water_1,
          sprint2_near_end_vault_1]

Skill      XL: |  1  2  3  4  5  6 |
---------------+-------------------+-----
Fighting       | 5 6 7 8 |  8.8
Long Blades    | 3 4 6 9 |  9.0
Armour         | 5 6 8 9 |  9.6
Shields        | 5 |  5.2
Dodging        | 1 |  1.8

Action                     |  1- 3 |  4- 6 |  7- 9 || total
---------------------------+-------+-------+-------++-------
  Melee: Long sword        |     8 |    43 |     6 ||    57
         Punch             |       |     2 |       ||     2
    Use: Potion            |     2 |     1 |       ||     3
 Armour: Scale mail        |     6 |    18 |     3 ||    27
  Dodge: Dodged            |     2 |    15 |     3 ||    20

Table legend: (Time is in decaauts)
 A = Elapsed time spent in this place.
 B = Non-inter-level travel time spent in this place.
 C = Inter-level travel time spent in this place.
 D = Time resting spent in this place.
 E = Time spent auto-exploring this place.
 F = Levels seen in this place.
 G = Mean time per level.
                   A        B        C        D        E       F      G
               +--------+--------+--------+--------+--------+-----+--------+
         Total |    148 |    148 |      0 |      0 |      0 |   1 |  148.0 |
       Dungeon |    148 |    148 |      0 |      0 |      0 |   1 |  148.0 |
               +--------+--------+--------+--------+--------+-----+--------+

Top non-repeatable levels by time:
       D: 148 daAuts
